 Dungeon Crawl Stone Soup version 0.25.1-2-g60ff931df9 (webtiles) character file.

Game seed: 2337225601037008095

10866 DildoBatman the Blocker (level 12, -5/77 HPs)
             Began as a Formicid Wizard on Sept 26, 2020.
             Was an Elder of Kikubaaqudgha.
             Slain by a lorocyproca (32 damage)
             ... on level 1 of the Abyss.
             The game lasted 00:38:04 (11083 turns).

DildoBatman the Blocker (Formicid Wizard)          Turns: 11083, Time: 00:38:05

Health: -5/77      AC:  0    Str: 11      XL:     12   Next: 0%
Magic:  22/22      EV: 12    Int: 24      God:    Kikubaaqudgha [****..]
Gold:   785        SH: 10    Dex:  8 (9)  Spells: 1/25 levels left

rFire    + . .     SeeInvis +   a - +0 trident (venom)
rCold    + . .     Gourm    .   f - +0 kite shield
rNeg     . . .     Faith    .   P - +2 robe {MR+}
rPois    .         Spirit   .   (helmet unavailable)
rElec    .         Reflect  .   h - scarf {rC+ rF+}
rCorr    .         Harm     .   (no gloves)
MR       ++...                  (no boots)
Stlth    ++........             (no amulet)
HPRegen  0.22/turn              (no ring)
MPRegen  0.18/turn              p - +4 ring of protection

@: corroded
A: permanent stasis, dig shafts and tunnels, four strong arms, antennae 3
a: Dig, Shaft Self, Receive Corpses, Renounce Religion


You were on level 1 of the Abyss.
You worshipped Kikubaaqudgha.
Kikubaaqudgha was greatly pleased with you.
You were near starving.

You visited 1 branch of the dungeon, and saw 11 of its levels.
You visited the Abyss 1 time.

You collected 785 gold pieces.

Inventory:

Hand Weapons
 a - a +0 trident of venom (weapon)
 b - a +2 whip of electrocution
 c - a +1 hunting sling
 d - a +1 trident of protection
 l - a +2 antimagic halberd
Missiles
 k - 18 bolts
 n - 18 poisoned darts (quivered)
 o - 496 stones
 r - 243 arrows
 y - 12 boomerangs
 G - 4 atropa-tipped darts
 I - 2 throwing nets
Armour
 f - a +0 kite shield (worn)
 h - a scarf of resistance (worn)
 D - a +2 robe of cold resistance
 P - a +2 robe of magic resistance (worn)
Magical Staves
 F - an uncursed staff of cold
 O - an uncursed staff of fire
Jewellery
 p - a +4 ring of protection (right hand)
Wands
 w - a wand of digging (5)
 B - a wand of polymorph (6)
 H - a wand of iceblast (5)
 K - a wand of enslavement (15)
 L - a wand of paralysis (6)
Scrolls
 e - a scroll of brand weapon {unknown}
 g - 2 scrolls of teleportation {unknown}
 m - a scroll of fear {unknown}
 q - 2 scrolls of enchant armour
 t - 2 scrolls of amnesia {unknown}
 x - 2 scrolls of remove curse
 z - 3 scrolls of identify
 C - 2 scrolls of magic mapping
 E - 2 scrolls of immolation {unknown}
 Q - 2 scrolls of noise {unknown}
 R - 3 scrolls of enchant weapon
Potions
 i - 3 potions of brilliance
 j - 3 potions of lignification
 s - 2 potions of might
 u - 3 potions of flight
 A - a potion of degeneration {unknown}
 M - a potion of berserk rage {unknown}
Comestibles
 v - 14 rations


   Skills:
 - Level 1.3 Fighting
 - Level 1.4 Armour
 - Level 2.2 Dodging
 * Level 2.6 Stealth
 - Level 9.0 Shields
 - Level 7.0 Spellcasting
 - Level 6.0 Conjurations
 * Level 4.3 Charms
   Level 1.0 Summonings
 * Level 7.7 Necromancy
   Level 0.8 Translocations
 - Level 5.0 Fire Magic
 * Level 4.3 Ice Magic
 - Level 5.0 Air Magic
 * Level 5.2 Earth Magic


You had one spell level left.
You knew the following spells:

 Your Spells              Type           Power        Failure   Level  Hunger
a - Conjure Flame         Conj/Fire      ####....     2%          3    None
b - Borgnjor's Vile Clut  Necr/Erth      #####.....   14%         5    #####..
c - Magic Dart            Conj           ####         1%          1    None
d - Vampiric Draining     Necr           #####.....   1%          3    None
e - Mephitic Cloud        Conj/Pois/Air  ####....     4%          3    None
f - Dispel Undead         Necr           #####...     3%          4    ###....
g - Ozocubu's Armour      Chrm/Ice       ####....     3%          3    None
z - Sublimation of Blood  Necr           #####.....   1%          2    None

Your spell library contained the following spells:

 Spells                   Type           Power        Failure   Level  Hunger
 Animate Skeleton         Necr           N/A          1%          1    None
 Foxfire                  Conj/Fire      ####         1%          1    None
 Infusion                 Chrm           ####         1%          1    None
 Pain                     Necr           ####         1%          1    None
 Sandblast                Erth           ####..       1%          1    None
 Song of Slaying          Chrm           ####....     1%          2    None
 Stone Arrow              Conj/Erth      #####.       2%          3    None
 Passwall                 Tmut/Erth      ###.....     3%          2    None
 Shroud of Golubria       Chrm/Tloc      ###...       3%          2    None
 Animate Dead             Necr           N/A          3%          4    ###....
 Call Imp                 Summ           ##......     7%          2    None
 Inner Flame              Hex/Fire       ###.....     8%          3    None
 Sticky Flame             Conj/Fire      ####....     8%          4    ###....
 Spectral Weapon          Hex/Chrm       ###.....     9%          3    None
 Agony                    Necr           #####...     9%          5    #####..
 Slow                     Hex            #.......     11%         2    None
 Fireball                 Conj/Fire      ####......   21%         5    #####..
 Lee's Rapid Deconstruct  Erth           ####......   22%         5    #####..
 Petrify                  Tmut/Erth      ###.....     24%         4    ###....
 Death Channel            Necr           #####.....   43%         6    ######.
 Swiftness                Chrm/Air       Unusable     N/A         2    N/A
 Blink                    Tloc           Unusable     N/A         2    N/A

Dungeon Overview and Level Annotations

Branches:
Dungeon (11/15)            Temple (0/1) D:4             Orc (0/2) D:10
   Lair: D:8-11

Altars:
Cheibriados
Kikubaaqudgha
Makhleb
Nemelex Xobeh
Okawaru
Qazlal
Sif Muna
Trog
Uskayaw
Vehumet
Yredelemnul
The Shining One

Shops:
D:4 (   D:5 [   D:6 %

Annotations:
D:2 exclusion: dancing weapon
D:3 3 runed translucent doors, sirjames's ghost, amateur OgWz
D:7 3 runed translucent doors, nyroko's ghost, novice DsIE
D:9 3 exclusions


Innate Abilities, Weirdness & Mutations

You cannot be hasted, slowed, berserked, paralysed or teleported.
You can dig through walls and to a lower floor.
Your four strong arms can wield two-handed weapons with a shield.
You have a pair of large antennae on your head. (SInv)


Message History

Zombie hands grab the starcursed mass.
The zombie hands constrict the lorocyproca!
The zombie hands constrict the thrashing horror.
The zombie hands constrict the starcursed mass.
The lorocyproca hits you!!
You feel your power leaking away.
A starcursed mass splits.
Zombie hands grab something.
It was a potion of magic.
Magic courses through your body.
The zombie hands lose their grip on something.
The zombie hands constrict the lorocyproca!
The zombie hands constrict the thrashing horror!
The zombie hands constrict the starcursed mass!
The starcursed mass shudders and is absorbed by its neighbour.
Zombie hands grab something.
The zombie hands lose their grip on the starcursed mass.
The lorocyproca hits you!!
You die...
Kikubaaqudgha rasps: "You have failed me!
Welcome... death!"

## .### # ..# .
##. .........
###.## ..
#....... # #.
##.§X..##.##
#.##.... .# .#..
#.@##... ## ###
#.#2#..# .......
#.#X#........###
#.#.##{#.####
..##.#'#.# ##
##{..# #.X...#
#.......#
#.........#


You could see a lorocyproca (invisible, clutched) and a thrashing horror
(clutched).

Vanquished Creatures
  Snorg (D:11)
  Fannar (D:10)
  A two-headed ogre (D:9)
  A thrashing horror (Abyss:1)
  An unseen horror (D:7)
  A rust devil (Abyss:1)
  A gargoyle (D:10)
  Psyche (D:9)
  A troll (D:9)
  2 hippogriffs
  A spriggan (D:8)
  11 yaks
  2 small abominations (Abyss:1)
  A hungry ghost (D:6)
  A steam dragon (D:9)
  A large abomination (Abyss:1)
  2 sky beasts
  5 ice beasts
  A black bear (D:6)
  An eye of draining (D:7)
  2 ogres
  A necrophage (D:5)
  3 orc warriors
  A phantom (D:8)
  A centaur (D:5)
  2 crocodiles (D:6)
  A big kobold (D:11)
  3 bullfrogs
  3 gnoll sergeants
  2 scorpions
  3 wights (D:7)
  A centaur zombie (D:9)
  5 crimson imps
  A quasit (Abyss:1)
  2 bullfrog zombies
  4 hounds
  3 jellies
  4 orc priests
  2 centaur skeletons
  A bullfrog skeleton (D:5)
  2 iguanas
  Ijyb (D:4)
  5 orc wizards
  8 worker ants
  A hound zombie (D:7)
  A hound skeleton (D:5)
  A worker ant zombie (D:7)
  11 gnolls
  11 adders
  3 shadow imps
  A white imp (Abyss:1)
  An ooze (D:5)
  4 adder skeletons
  2 worms
  3 dart slugs
  3 leopard geckos (D:5)
  23 orcs
  A ball python (D:3)
  7 giant cockroaches
  6 hobgoblins
  2 jackals (D:7)
  4 quokkas
  10 bats
  5 frilled lizards
  7 goblins
  A jackal skeleton (D:5)
  5 kobolds
  A quokka zombie (D:8)
  6 rats
218 creatures vanquished.

Notes
Turn   | Place    | Note
-------+----------+-------------------------------------------
     0 | D:1      | DildoBatman the Formicid Wizard began the quest for the
                  | Orb.
     0 | D:1      | Reached XP level 1. HP: 13/13 MP: 4/4
    14 | D:1      | Reached skill level 1 in Conjurations
   183 | D:1      | Reached XP level 2. HP: 19/19 MP: 4/6
   559 | D:1      | Reached XP level 3. HP: 24/24 MP: 5/7
   829 | D:2      | Found a stormy altar of Qazlal.
  1090 | D:2      | Found a snail-covered altar of Cheibriados.
  1112 | D:2      | Noticed a +0 hand axe
  1132 | D:2      | Found a hide-covered altar of Uskayaw.
  1132 | D:2      | Noticed a +0 hand axe
  1306 | D:2      | Found an ancient bone altar of Kikubaaqudgha.
  1336 | D:2      | Became a worshipper of Kikubaaqudgha
  1613 | D:3      | Reached XP level 4. HP: 18/30 MP: 1/8
  1765 | D:3      | Found a runed translucent gate.
  1769 | D:3      | Found a runed translucent gate.
  1769 | D:3      | Noticed a big kobold
  1769 | D:3      | Noticed sirjames's ghost (amateur OgWz)
  1769 | D:3      | Noticed a big kobold
  1770 | D:3      | Found a runed translucent gate.
  1770 | D:3      | Identified the +10 whip "Fanalurgh" {chaos, *Noise rElec
                  | MP+9 Stlth-}
  1770 | D:3      | Noticed a big kobold
  1843 | D:3      | Found a bloodstained altar of Trog.
  2109 | D:3      | Learned a level 3 spell: Conjure Flame
  2113 | D:3      | Learned a level 3 spell: Mephitic Cloud
  2248 | D:3      | Found a radiant altar of Vehumet.
  2627 | D:4      | Found a sparkling altar of Nemelex Xobeh.
  2666 | D:4      | Noticed Ijyb
  2745 | D:4      | Found a staircase to the Ecumenical Temple.
  2828 | D:3      | Reached skill level 1 in Fire Magic
  2828 | D:3      | Reached XP level 5. HP: 30/35 MP: 2/9
  2873 | D:4      | Reached skill level 1 in Air Magic
  2923 | D:4      | Found Xuylax's Weapon Shoppe.
  2996 | D:4      | Killed Ijyb
  3201 | D:5      | Entered Level 5 of the Dungeon
  3210 | D:5      | Noticed an ogre
  3222 | D:5      | Killed an ogre
  3222 | D:5      | Reached XP level 6. HP: 29/41 MP: 1/10
  3420 | D:5      | Reached * piety under Kikubaaqudgha
  3420 | D:5      | Identified Kikubaaqudgha's Collected Works on Dark Arts
                  | (Kikubaaqudgha gifted it to you on level 5 of the Dungeon)
  3420 | D:5      | Received a gift from Kikubaaqudgha
  3823 | D:5      | Learned a level 3 spell: Vampiric Draining
  3824 | D:5      | Found Poiclashri's Antique Armour Boutique.
  3863 | D:5      | Reached XP level 7. HP: 28/46 MP: 4/11
  4683 | D:5      | Reached skill level 5 in Conjurations
  4737 | D:5      | Reached XP level 8. HP: 43/52 MP: 5/12
  4989 | D:5      | Reached ** piety under Kikubaaqudgha
  5323 | D:6      | Found an iron altar of Okawaru.
  5485 | D:6      | Reached skill level 5 in Fire Magic
  5565 | D:6      | Found Citrie's Food Boutique.
  5938 | D:6      | Reached skill level 5 in Air Magic
  5938 | D:6      | Reached XP level 9. HP: 48/57 MP: 0/13
  5944 | D:6      | Reached skill level 1 in Fighting
  5944 | D:6      | Reached skill level 1 in Armour
  6286 | D:7      | Reached skill level 2 in Shields
  6399 | D:6      | Reached skill level 3 in Shields
  6450 | D:7      | Reached skill level 4 in Shields
  6778 | D:7      | Reached skill level 5 in Shields
  6846 | D:7      | Noticed a hippogriff
  6881 | D:7      | Killed a hippogriff
  6881 | D:7      | Reached skill level 6 in Shields
  6966 | D:7      | Reached skill level 7 in Shields
  7037 | D:7      | Learned a level 2 spell: Sublimation of Blood
  7387 | D:7      | Reached *** piety under Kikubaaqudgha
  7387 | D:7      | Identified Kikubaaqudgha's Grimoire of Dark Secrets
                  | (Kikubaaqudgha gifted it to you on level 7 of the Dungeon)
  7387 | D:7      | Received a gift from Kikubaaqudgha
  7438 | D:7      | Found a runed translucent gate.
  7438 | D:7      | Found a runed translucent gate.
  7510 | D:7      | Reached skill level 8 in Shields
  7706 | D:7      | Found a runed translucent gate.
  7706 | D:7      | Noticed nyroko's ghost (novice DsIE)
  7730 | D:7      | Found a glowing golden altar of the Shining One.
  7752 | D:7      | Noticed an unseen horror
  7765 | D:7      | Killed an unseen horror
  7765 | D:7      | Reached skill level 9 in Shields
  7765 | D:7      | Reached XP level 10. HP: 58/65 MP: 1/16
  7902 | D:8      | Found a burning altar of Makhleb.
  8702 | D:9      | Reached skill level 5 in Spellcasting
  8813 | D:9      | Found a basalt altar of Yredelemnul.
  8814 | D:9      | Noticed an orange demon
  9005 | D:9      | Noticed a two-headed ogre
  9037 | D:9      | Killed a two-headed ogre
  9037 | D:9      | Reached skill level 5 in Necromancy
  9052 | D:9      | Noticed Psyche
  9077 | D:9      | Killed Psyche
  9115 | D:9      | Reached XP level 11. HP: 27/70 MP: 3/21
  9128 | D:9      | Found a shimmering blue altar of Sif Muna.
  9226 | D:9      | Learned a level 5 spell: Borgnjor's Vile Clutch
  9233 | D:9      | Learned a level 4 spell: Dispel Undead
  9237 | D:9      | Learned a level 3 spell: Ozocubu's Armour
  9313 | D:10     | Entered Level 10 of the Dungeon
  9382 | D:10     | Reached skill level 1 in Earth Magic
  9394 | D:10     | Reached skill level 1 in Charms
  9394 | D:10     | Reached skill level 1 in Ice Magic
  9453 | D:10     | Reached **** piety under Kikubaaqudgha
  9517 | D:10     | Noticed Fannar
  9535 | D:10     | Killed Fannar
  9552 | D:10     | Found a staircase to the Orcish Mines.
  9878 | D:10     | Identified the Almanac of Boosts
 10256 | D:11     | Noticed Snorg
 10294 | D:11     | Killed Snorg
 10523 | D:11     | Cast into level 1 of the Abyss (kobold)
 10551 | Abyss:1  | Noticed a thrashing horror
 10560 | Abyss:1  | Killed a thrashing horror
 10571 | Abyss:1  | Noticed a starcursed mass
 10666 | Abyss:1  | Reached skill level 5 in Earth Magic
 11016 | Abyss:1  | Noticed a tentacled starspawn
 11048 | Abyss:1  | Noticed a lich
 11074 | Abyss:1  | Reached XP level 12. HP: 57/77 MP: 12/22
 11076 | Abyss:1  | Noticed a thrashing horror
 11076 | Abyss:1  | Noticed a starcursed mass
 11076 | Abyss:1  | Noticed a lorocyproca
 11083 | Abyss:1  | Slain by a lorocyproca

Illustrated notes

Levels and vault maps discovered:
D:1:      tarquinn_simple_flora_water_d, layout_rooms, amethyst_killhole
D:2:      layout_rooms, cheibriados_altar_1, lemuel_doored_altar,
          lemuel_zombie_altar_kikubaaqudgha, dancing_weapons_uskayaw
D:3:      layout_loops_corners, lemuel_coloured_pillars_altar, vehumet_crystals,
          first_ration, gammafunk_ghost_nasty_kobolds
D:4:      layout_gridville, nemelex_xobeh_ov_fountains_minmay,
          minmay_temple_entry_ruins, serial_shops, shop_statue, uniq_ijyb
D:5:      minmay_thinvault, layout_basic, serial_shops, nicolae_shop_crystal
D:6:      layout_basic, kennysheep_okawaru_gauntlet, serial_shops,
          nicolae_shop_crystal
D:7:      minmay_cornered_nines, layout_basic, tso_oasis_becter,
          ebering_ghost_rock_garden
D:8:      layout_gridville, marbit_many_paths, the_bakery
D:9:      layout_big_octagon, lemuel_crystal_altar, lemuel_hellish_altar,
          uniq_psyche
D:10:     layout_loops_cross, orc_0_dummy, uniq_fannar
D:11:     layout_roguey, david_lair_shrubbed, serial_glass, glass_columns_c,
          glass_columns_a, uniq_snorg
Abyss:1:  base: D:3, hangedman_abyss_or_decor_jellyfish_corner,
          hangedman_decor_riveting

Skill      XL: |  1  2  3  4  5  6  7  8  9 10 11 |
---------------+----------------------------------+-----
Conjurations   | 1 2 3 4 5 6 |  6.0
Fire Magic     | 1 2 3 5 |  5.0
Air Magic      | 1 2 3 5 |  5.0
Fighting       | 1 |  1.3
Armour         | 1 |  1.4
Dodging        | 2 |  2.2
Shields        | 9 |  9.0
Spellcasting   | 4 6 7 |  7.0
Necromancy     | 2 5 7 |  7.7
Earth Magic    | 5 |  5.2
Charms         | 4 |  4.3
Ice Magic      | 4 |  4.3
Stealth        | |  2.6
Summonings     | |  1.0
Translocations | |  0.8

Action                   |  1- 3 |  4- 6 |  7- 9 | 10-12 || total
-------------------------+-------+-------+-------+-------++-------
Melee: Short sword       |    22 |       |     1 |       ||    23
       Whip              |     1 |       |       |    32 ||    33
       Unarmed           |       |    10 |       |       ||    10
       Trident           |       |       |   181 |   232 ||   413
 Fire: Hunting sling     |     7 |    76 |   226 |     1 ||   310
Throw: Dart              |       |    30 |    16 |     5 ||    51
 Cast: Magic Dart        |    86 |    25 |    67 |    18 ||   196
       Mephitic Cloud    |       |    11 |    20 |    14 ||    45
       Conjure Flame     |       |     4 |    37 |    28 ||    69
       Borgnjor's Vile C |       |       |       |    12 ||    12
       Ozocubu's Armour  |       |       |       |     3 ||     3
       Vampiric Draining |       |       |       |     2 ||     2
 Abil: Dig               |     3 |     6 |    18 |    22 ||    49
  Use: Scroll            |       |     6 |       |     5 ||    11
       Potion            |       |     1 |       |     4 ||     5
 Stab: Sleeping          |     1 |       |       |     5 ||     6
       Confused          |       |     1 |     3 |     6 ||    10
       Distracted        |       |       |       |     1 ||     1
  Eat: Chunk             |     1 |     7 |    16 |    11 ||    35
       Ration            |       |     1 |     2 |     1 ||     4
Armor: Robe              |     7 |     8 |    72 |    34 ||   121
       Skin              |       |     3 |       |       ||     3
       Leather armour    |       |       |     1 |       ||     1
Dodge: Dodged            |    23 |    52 |   103 |    79 ||   257
Block: Kite shield       |       |       |    38 |    78 ||   116
       Buckler           |       |       |    25 |       ||    25
